 Dungeon Crawl Stone Soup version 0.30.1-3-gfc49f6343a (webtiles) character file.

Game seed: 10751335997954757970

2941 KyoPewz the Impaler (level 9, 0/63 HPs)
             Began as a Minotaur Fighter on Aug 8, 2023.
             Was a Believer of Hepliaklqana.
             Killed from afar by an electric eel (10 damage)
             ... with a bolt of electricity
             ... in a bailey.
             The game lasted 00:16:36 (5866 turns).

KyoPewz the Impaler (Minotaur Fighter)              Turns: 5866, Time: 00:16:36

Health: 0/63       AC:  9    Str: 30    XL:     9   Next: 51%
Magic:  8/8        EV: 15    Int:  5    God:    Hepliaklqana [**....]
Gold:   275        SH:  5    Dex: 11    Spells: 8/8 levels left

rFire   . . .        L - +0 glaive (spect)
rCold   . . .        (shield currently unavailable)
rNeg    . . .        b - +0 scale mail
rPois   .            (helmet restricted)
rElec   .            z - +0 cloak
rCorr   .            (no gloves)
SInv    .            C - +0 pair of boots
Will    .....        D - amulet of reflection
Stlth   x              - +5 ring of evasion
HPRegen 0.30/turn    p - +6 ring of strength
MPRegen 0.11/turn

%: reflection
@: no status effects
A: reduced essence, horns 2, retaliatory headbutt
a: Renounce Religion, Recall Ancestor, Ancestor Identity


You were in a bailey.
You worshipped Hepliaklqana.
Hepliaklqana was pleased with you.
You visited 1 branch of the dungeon, and saw 7 of its levels.
You also visited: Sewer and Bailey.

You collected 329 gold pieces.
You spent 54 gold pieces at shops.

Inventory:

Hand Weapons
 a - a +0 trident
 L - a +0 spectral glaive (weapon)
Missiles
 g - 20 poisoned darts (quivered)
 h - 61 stones
 F - a curare-tipped dart
 M - 5 javelins
Armour
 b - a +0 scale mail (worn)
 c - a +0 buckler
 z - a +0 cloak (worn)
 C - a +0 pair of boots (worn)
 N - a +0 kite shield
Jewellery
 o - a ring of willpower
 p - a +6 ring of strength (right hand)
 x - a +5 ring of evasion (left hand)
 D - an amulet of reflection (around neck)
 P - a ring of poison resistance
Wands
 B - a wand of mindburst (9)
 J - a wand of charming (17)
Scrolls
 e - 3 scrolls of vulnerability
 f - 2 scrolls of immolation {unknown}
 i - a scroll of brand weapon {unknown}
 j - 3 scrolls of enchant weapon {unknown}
 m - 2 scrolls of magic mapping {unknown}
 r - a scroll of identify
 t - 4 scrolls of teleportation
 u - 2 scrolls of amnesia {unknown}
 v - a scroll of fog {unknown}
 w - 4 scrolls of poison {unknown}
 y - a scroll of silence {unknown}
 H - a scroll of acquirement {unknown}
 I - 2 scrolls of enchant armour {unknown}
 O - a scroll of blinking {unknown}
Potions
 d - 2 potions of might
 k - 5 potions of mutation
 l - 3 potions of heal wounds
 n - a potion of attraction {unknown}
 q - 2 potions of curing
 s - 3 potions of berserk rage {unknown}
 A - 2 potions of flight
 E - 2 potions of resistance {unknown}
 G - 2 potions of brilliance
 K - a potion of invisibility {unknown}


   Skills:
 - Level 3.6 Fighting
 + Level 15.6 Polearms
 - Level 3.6 Armour
 - Level 3.6 Shields


You had 8 spell levels left.
You didn't know any spells.
Your spell library contained the following spells:

 Spells                   Type           Power      Damage    Failure   Level
 Apportation              Tloc           0%         N/A       73%         1
 Foxfire                  Conj/Fire      0%         2x1d4     73%         1
 Blink                    Tloc           0%         N/A       86%         2
 Cigotuvi's Dreadful Rot  Necr/Pois/Air  0%         N/A       86%         2
 Lesser Beckoning         Tloc           0%         N/A       86%         2
 Momentum Strike          Conj/Tloc      0%         3d8       86%         2
 Gell's Gravitas          Tloc           0%         N/A       97%         3
 Ignite Poison            Fire/Tmut/Pois 0%         N/A       97%         3
 Teleport Other           Tloc           0%         N/A       97%         3
 Vhi's Electric Charge    Tloc/Air       0%         N/A       97%         3
 Alistair's Intoxication  Tmut/Pois      0%         N/A       100%        5
 Arcjolt                  Conj/Air       0%         1d10      100%        5
 Freezing Cloud           Conj/Ice/Air   0%         6-21      100%        5
 Dispersal                Tloc           0%         N/A       100%        6
 Maxwell's Capacitive Co  Air            0%         ∞         100%        8


Dungeon Overview and Level Annotations

Branches:
Dungeon (7/15)             Temple (0/1) D:6           Sewer (visited)
 Bailey (1/1)

Altars:
Ashenzari
Dithmenos
Elyvilon
Hepliaklqana
Kikubaaqudgha
Nemelex Xobeh
Okawaru
Ru
Sif Muna
Vehumet

Shops:
D:1 [

Annotations:
D:3 1 runed translucent door, Atelerd's ghost, amateur OpEE


Innate Abilities, Weirdness & Mutations

Your life essence is reduced to manifest your ancestor. (-10% HP)
You have a pair of horns on your head.
You reflexively headbutt those who attack you in melee.


Message History

a +0 war axe; a +0 scale mail
Found a gate leading back out of this place.
Health restored: 63
Okay, then.
You start removing your armour.
You continue taking off your +0 kite shield. x4
You finish taking off your +0 kite shield.
You feel a bond with your +0 spectral glaive.
L - a +0 spectral glaive (weapon)
You enter the shallow water.
Moving in this stuff is going to be slow.
You swap places.
You open the door.
There is an open door here.
You now have 275 gold pieces (gained 16).
You swap places.
There is an open door here.
As you open the door, it creaks loudly!
An electric eel comes into view.
An electric eel comes into view.
The electric eel shoots out a bolt of lightning at you!
The bolt of electricity hits you. The bolt of electricity hits you!
The electric eel shoots out a bolt of lightning at you!
The bolt of electricity hits you!
There is an open door here.
You take 28 damage, and have 35/63 hp.
MASSIVE DAMAGE!!
You enter the shallow water.
Moving in this stuff is going to be slow.
The electric eel shoots out a bolt of lightning at you!
The bolt of electricity hits you.
The bolt of electricity hits Magnus!
You take 3 damage, and have 32/63 hp.
The electric eel shoots out a bolt of lightning at you!
The bolt of electricity hits you! The bolt of electricity misses you.
You take 9 damage, and have 23/63 hp.
The electric eel shoots out a bolt of lightning at you!
The bolt of electricity hits Magnus!
The bolt of electricity hits you!
* * * LOW HITPOINT WARNING * * *
The electric eel shoots out a bolt of lightning at you!
The bolt of electricity hits you!
You die...

≈≈≈≈≈≈≈≈≈≈≈≈≈≈≈≈
≈≈≈≈≈≈≈≈≈≈≈≈≈≈≈≈
≈≈≈≈≈≈≈≈≈≈≈≈≈≈≈≈
≈≈≈≈≈≈≈≈≈≈≈≈≈≈≈≈
≈≈≈≈≈≈≈≈≈≈≈≈≈≈≈≈
≈≈≈≈≈≈≈≈≈≈≈≈≈≈≈≈
#≈≈≈≈≈≈≈≈≈≈≈S≈≈≈≈≈≈≈≈
#≈≈≈≈≈######~~RS~~~~~
#≈≈≈≈≈#.#..'@........
#≈≈≈≈≈#R#..###############
#≈≈≈≈≈#...)'....)#R......#
#≈≈≈≈≈#..))#.....).8.8.8.#
#≈≈≈≈≈#.##############...####
#≈≈≈≈≈~.# #......#
#≈≈≈≈≈~.#!:# #..)...#
#≈≈≈≈≈~.#..# #####''#
#≈≈≈≈≈~.#### #.....#


You could see the friendly Magnus the battlemage and 2 electric eels.

Vanquished Creatures
  An orc knight (Bailey)
  A water moccasin (D:3)
  An ice beast (D:6)
  An orc warrior (Bailey)
  3 ogres
  2 kobold brigands (Sewer)
  A bullfrog (D:7)
  4 scorpions
  A wight (D:6)
  5 hounds
  An orc priest (D:3)
  2 jellies
  2 iguanas
  A sleepcap (D:5)
  9 orc wizards
  Robin (D:2)
  8 gnolls
  8 adders
  A shadow imp (D:4)
  A worm (D:5)
  A dart slug (D:1)
  12 orcs
  11 bats
  5 endoplasms
  4 giant cockroaches
  10 goblins
  11 hobgoblins
  11 jackals (D:2)
  7 quokkas
  10 ball pythons
  A frilled lizard (D:1)
  18 kobolds
  7 rats
162 creatures vanquished.

Vanquished Creatures (collateral kills)
  A steam dragon (D:6)
  2 orc warriors (Bailey)
  3 bullfrogs
  An electric eel (Bailey)
  A hound (D:6)
  An iguana (D:6)
  A white imp (D:6)
  2 orcs (Bailey)
  A hobgoblin (Bailey)
  A goblin (Bailey)
14 creatures vanquished.

Vanquished Creatures (others)
  A battlemage (Bailey)
1 creature vanquished.

Grand Total: 177 creatures vanquished

Notes
Turn   | Place    | Note
-------+----------+-------------------------------------------
     0 | D:1      | KyoPewz the Minotaur Fighter began the quest for the Orb.
     0 | D:1      | Reached XP level 1. HP: 19/19 MP: 0/0
   165 | D:1      | Reached skill level 3 in Polearms
   186 | D:1      | Reached XP level 2. HP: 26/26 MP: 1/1
   406 | D:1      | Reached skill level 4 in Polearms
   575 | D:1      | Found Yfinti's Armour Boutique.
   578 | D:1      | Bought a +0 cloak for 54 gold pieces
   787 | D:2      | Reached XP level 3. HP: 31/31 MP: 2/2
  1153 | D:2      | Reached skill level 5 in Polearms
  1219 | D:2      | Noticed Robin
  1220 | D:2      | Reached XP level 4. HP: 39/39 MP: 3/3
  1237 | D:2      | Killed Robin
  1445 | D:3      | Found a shadowy altar of Dithmenos.
  1464 | D:3      | Reached skill level 6 in Polearms
  1475 | D:3      | Reached XP level 5. HP: 29/45 MP: 4/4
  1546 | D:3      | Noticed an ogre
  1565 | D:3      | Killed an ogre
  1566 | D:3      | Reached skill level 7 in Polearms
  1713 | D:3      | Noticed a water moccasin
  1730 | D:3      | Killed a water moccasin
  1731 | D:3      | Reached skill level 8 in Polearms
  1731 | D:3      | Reached XP level 6. HP: 23/51 MP: 5/5
  1799 | D:3      | Found a runed translucent door.
  1799 | D:3      | Noticed Atelerd's ghost (amateur OpEE)
  2288 | D:3      | Found a faded altar of an unknown god.
  2288 | D:3      | Found a hazy altar of Hepliaklqana.
  2290 | D:3      | Found a faded altar of an unknown god.
  2296 | D:3      | Became a worshipper of Hepliaklqana the Forgotten
  2670 | D:4      | Reached skill level 9 in Polearms
  2745 | D:4      | Reached XP level 7. HP: 30/57 MP: 6/6
  2960 | D:4      | Found a glowing drain.
  2997 | Sewer    | Entered a sewer
  3087 | Sewer    | Reached skill level 10 in Polearms
  3553 | D:4      | Found a shimmering blue altar of Sif Muna.
  3579 | D:4      | Found an ancient bone altar of Kikubaaqudgha.
  3588 | D:4      | Found a radiant altar of Vehumet.
  3613 | D:4      | Reached skill level 11 in Polearms
  3741 | D:4      | Got Vehumet's Compendium of Percussion
  3762 | D:5      | Entered Level 5 of the Dungeon
  3797 | D:5      | Reached XP level 8. HP: 64/64 MP: 7/7
  3859 | D:5      | Reached skill level 12 in Polearms
  3901 | D:5      | Reached * piety under Hepliaklqana
  4088 | D:5      | Found a white marble altar of Elyvilon.
  4314 | D:5      | Found a broken altar of Ashenzari.
  4618 | D:6      | Found a staircase to the Ecumenical Temple.
  4672 | D:6      | Reached ** piety under Hepliaklqana
  4683 | D:6      | Remembered your ancestor Magnus as a battlemage
  4698 | D:6      | Reached skill level 13 in Polearms
  4855 | D:6      | Reached skill level 14 in Polearms
  4855 | D:6      | Reached XP level 9. HP: 19/63 MP: 8/8
  5030 | D:6      | Found a sparkling altar of Nemelex Xobeh.
  5148 | D:6      | Found an iron altar of Okawaru.
  5273 | D:6      | Found a sacrificial altar of Ru.
  5585 | D:7      | Found a flagged portal.
  5599 | Bailey   | Entered a bailey
  5621 | Bailey   | Noticed an orc knight
  5641 | Bailey   | Killed an orc knight
  5642 | Bailey   | Reached skill level 15 in Polearms
  5866 | Bailey   | Killed from afar by an electric eel

Illustrated notes

Levels and vault maps discovered:
D:1:      dpeg_arrival_simpleton_c, layout_basic, serial_shops,
          nicolae_shop_behind_doors
D:2:      layout_basic, uniq_robin
D:3:      layout_loops_ring, grunt_dithmenos_smoke,
          nicolae_hepliaklqana_ecumenical_no_more, gammafunk_ghost_grave
D:4:      layout_rooms, palyth_temple_overflow_mages, portal_sewer_entry_a,
          grunt_ministairs_1, nicolae_concentric_dashed_squares_wild
D:5:      layout_loops_cross, kennysheep_little_box,
          mainiacjoe_overflow_tiny_flanked
D:6:      minmay_evil_eye, layout_cave_pools, lemuel_coloured_pillars_altar,
          nemelex_spade_bored_becter, hellmonk_okawaru_the_only_friend_you_need,
          minmay_temple_entry_grid, glass_columns_a
D:7:      layout_gridville, enter_bailey_6
Bailey:   bailey_axe_of_yendor_kennysheep, bailey

Skill      XL: |  1  2  3  4  5  6  7  8  9 |
---------------+----------------------------+-----
Polearms       | 3 4 5 6 8 9 11 14 15 | 15.6
Fighting       | |  3.6
Armour         | |  3.6
Shields        | |  3.6

Action                     |  1- 3 |  4- 6 |  7- 9 || total
---------------------------+-------+-------+-------++-------
  Melee: Trident           |   122 |   104 |   296 ||   522
         Headbutt          |     9 |    15 |    38 ||    62
  Throw: Dart              |       |     1 |       ||     1
 Invoke: Ancestor Life: Ba |       |       |     1 ||     1
         Ancestor Identity |       |       |     1 ||     1
    Use: Potion            |       |     4 |       ||     4
         Scroll            |       |       |     7 ||     7
 Armour: Scale mail        |    55 |    44 |    53 ||   152
  Dodge: Dodged            |    37 |    44 |    68 ||   149
  Block: Buckler           |    14 |    21 |    56 ||    91
         Kite shield       |       |       |    12 ||    12
